 Dungeon Crawl Stone Soup version 0.31-a0-1074-g0b22e4e0f1 (webtiles) character file.

Game seed: 9229444318420434199

18374 grandjackal the Slicer (level 12, 0/86 HPs)
             Began as a Vampire Enchanter on Dec 2, 2023.
             Was a High Priest of Dithmenos.
             Slain by a centaur warrior (10 damage)
             ... on level 12 of the Dungeon.
             The game lasted 00:31:06 (12758 turns).

grandjackal the Slicer (Vampire Enchanter)         Turns: 12758, Time: 00:31:06

Health: 0/86       AC:  6    Str: 10    XL:     12   Next: 27%
Magic:  10/19      EV: 14    Int: 27    God:    Dithmenos [*****.]
Gold:   644        SH:  0    Dex: 16    Spells: 4/15 levels left

rFire   . . .        p - +1 dagger (venom)
rCold   . . .        (no shield)
rNeg    . . .        M - +0 troll leather armour
rPois   .            Q - +0 hat {Stlth+}
rElec   +            (no cloak)
rCorr   .            (no gloves)
SInv    +            P - +2 pair of boots
Will    ++...        b - amulet of magic regeneration
Stlth   +++++++++    l - +6 ring of intelligence
HPRegen 1.34/turn    N - ring of the Tempest {rElec Will+ Str+3}
MPRegen 0.56/turn

%: no passive effects
@: healing quickly, wreathed by umbra
A: alive, fangs 3, see invisible, vampiric 2
a: Exsanguinate, Renounce Religion, Shadow Step, Shadow Form


You were on level 12 of the Dungeon.
You worshipped Dithmenos.
Dithmenos was extremely pleased with you.
You visited 2 branches of the dungeon, and saw 13 of its levels.
You also visited: Ossuary.

You collected 825 gold pieces.
You spent 181 gold pieces at shops.

Inventory:

Hand Weapons
 p - a +1 dagger of venom (weapon)
 K - a +2 short sword of electrocution
Armour
 o - a +0 helmet
 M - a +0 troll leather armour (worn)
 P - a +2 pair of boots (worn)
 Q - a +0 hat of stealth (worn)
Jewellery
 a - a ring of fire
 b - an amulet of magic regeneration (around neck)
 l - a +6 ring of intelligence (left hand)
 m - a ring of poison resistance
 n - an amulet of guardian spirit
 F - a ring of flight
 I - an amulet of reflection
 N - the ring of the Tempest (right hand) {rElec Will+ Str+3}
   (You found it on level 11 of the Dungeon)

   [ring of willpower]

   Str+3:     It affects your strength (+3).
   rElec:     It insulates you from electricity.
   Will+:     It increases your willpower.
Wands
 q - a wand of polymorph (21)
 w - a wand of paralysis (21)
 E - a wand of flame (31)
 G - a wand of digging (5)
 L - a wand of roots (4)
 O - a wand of acid (2)
Scrolls
 d - 3 scrolls of vulnerability
 e - a scroll of silence {unknown}
 g - 4 scrolls of teleportation
 r - 3 scrolls of fear
 s - a scroll of amnesia
 u - 4 scrolls of poison {unknown}
 v - a scroll of acquirement {unknown}
 y - a scroll of noise {unknown}
 A - a scroll of enchant weapon {unknown}
 B - a scroll of torment {unknown}
 D - 2 scrolls of revelation {unknown}
 J - a scroll of blinking {unknown}
Potions
 c - 4 potions of invisibility
 f - 3 potions of haste
 h - 3 potions of curing
 i - 3 potions of might
 j - 2 potions of resistance
 k - 2 potions of magic
 t - a potion of degeneration {unknown}
 x - a potion of brilliance {unknown}
 z - a potion of cancellation {unknown}
 C - a potion of mutation
 H - a potion of attraction


   Skills:
 + Level 5.2 Fighting
 - Level 11.4 Short Blades
 + Level 6.7 Dodging
 - Level 10.5 Stealth
 - Level 2.0 Spellcasting
 - Level 11.0 Hexes
 - Level 5.0 Ice Magic
 + Level 10.4 Invocations


You had 4 spell levels left.
You knew the following spells:

 Your Spells              Type           Power      Damage    Failure   Level
a - Ensorcelled Hibernat  Hex/Ice        90%        N/A       1%          2
b - Confusing Touch       Hex            58%        N/A       1%          3
c - Tukima's Dance        Hex            58%        N/A       1%          3
d - Sigil of Binding      Hex            58%        N/A       1%          3

Your spell library contained the following spells:

 Spells                   Type           Power      Damage    Failure   Level
 Dazzling Flash           Conj/Hex       64%        N/A       4%          3
 Dimensional Bullseye     Hex/Tloc       16%        N/A       14%         4
 Leda's Liquefaction      Hex/Erth       16%        N/A       14%         4
 Cigotuvi's Dreadful Rot  Necr/Pois/Air  4%         N/A       21%         2
 Call Canine Familiar     Summ           2%         N/A       36%         3
 Ignite Poison            Fire/Tmut/Pois 2%         N/A       36%         3
 Manifold Assault         Tloc           2%         N/A       78%         4
 Freezing Cloud           Conj/Ice/Air   5%         6-21      88%         5
 Dispersal                Tloc           1%         N/A       100%        6
 Disjunction              Tloc           1%         N/A       100%        8


Dungeon Overview and Level Annotations

Branches:
Dungeon (12/15)            Temple (1/1) D:4            Lair (0/5) D:11
    Orc (0/2) D:9         Ossuary (visited)

Altars:
Ashenzari
Cheibriados
Dithmenos
Fedhas
Gozag
Kikubaaqudgha
Makhleb
Nemelex Xobeh
Okawaru
Qazlal
Ru
Sif Muna
Trog
Uskayaw
Vehumet
Wu Jian
Xom
Yredelemnul

Shops:
D:1 :   D:3 ?   D:5 **:=[   D:6 (

Annotations:
D:7 2 transporters, bmb222's ghost, novice BaHu
D:12 Jorgrun; Maurice


Innate Abilities, Weirdness & Mutations

Your natural rate of healing is accelerated.
You have razor-sharp teeth.
You have supernaturally acute eyesight. (SInv)
You are afflicted with vampirism and can become a bat while bloodless.


Message History

The centaur warrior barely misses you.
The centaur hits your +0 orcbow.
The centaur barely misses your +0 orcbow.
Your +0 orcbow barely misses the centaur.
The centaur hits you.
The centaur kicks you but does no damage.
Your +0 orcbow shoots an arrow.
The arrow hits the centaur.
Something hits your +0 orcbow.
Your +0 orcbow falls from the air.
Jorgrun hits your +0 orcbow with a staff of earth!
The grasping roots constrict you.
* * * LOW HITPOINT WARNING * * *
The centaur warrior hits you.
* * * LOW HITPOINT WARNING * * *
The centaur warrior closely misses you.
Unknown command.
Unknown command.
Unknown command.
You escape the roots grasp.
The centaur barely misses your +0 orcbow.
The centaur kicks your +0 orcbow.
The centaur hits you.
* * * LOW HITPOINT WARNING * * *
The centaur kicks you.
* * * LOW HITPOINT WARNING * * *
Your +0 orcbow shoots an arrow.
The arrow closely misses Jorgrun.
The centaur closely misses your +0 orcbow.
The centaur kicks your +0 orcbow but does no damage.
Jorgrun closely misses your +0 orcbow.
Your +0 orcbow shoots an arrow.
The arrow closely misses the centaur.
The arrow hits the centaur!
Unknown command.
Unknown command.
Casting: Tukima's Dance (safe; 1% risk of failure)
Confirm with . or Enter, or press ? or * to list all spells.
Aiming: Ensorcelled Hibernation (safe; 1% risk of failure)
Press: ? - help, Shift-Dir - straight line, f/p - Jorgrun
Aim: Jorgrun, wielding a staff of earth and wearing a +0 robe (ally target, umbra, chance to affect: 2%)
The centaur warrior resists with significant effort.
The centaur hits you.
* * * LOW HITPOINT WARNING * * *
The centaur barely misses you. The centaur warrior hits you!
You die...

.###..................##.........
.................................
.................................
........................[.......#
.............................##
#.....#.....................>.
#.....#.......................
...#.##.....).....<...........
.##.....g(.c@.............#
.....)c##c.......


.yyy .........#c....^.. .......c.......... ....#.. .(....... ....#.c..........
... .....#.(....# .. ..... ..##..# You could see Jorgrun (ally target), a
centaur warrior, 3 centaurs and 2 friendly dancing weapons.

Vanquished Creatures
  Gastronok (D:12)
  5 two-headed ogres
  A death knight (D:10)
  2 centaur warriors
  2 komodo dragons (D:11)
  A tengu conjurer (D:9)
  4 trolls
  3 wraiths
  11 yaks
  6 wyverns
  2 steam dragons
  An acid dragon (D:11)
  6 water moccasins
  Duvessa (D:5)
  11 orc warriors
  A sky beast (D:7)
  6 black bears
  3 wolves (D:8)
  3 ogres
  5 centaurs (D:9)
  2 phantoms
  5 kobold brigands
  3 elf zombies (Ossuary)
  13 scorpions
  2 bullfrogs
  2 gnoll sergeants
  6 wights
  Dowan (D:5)
  7 killer bees
  An electric eel (D:8)
  11 howler monkeys
  A centaur zombie (Ossuary)
  2 jellies
  2 gnoll boudas
  3 hounds
  A human zombie (Ossuary)
  5 orc priests
  Ijyb (D:3)
  Terence (D:2)
  3 iguanas
  4 orc wizards
  2 sleepcaps
  5 hound zombies (Ossuary)
  3 mummies (Ossuary)
  Robin (D:3)
  12 gnolls
  8 adders
  A shadow imp (D:5)
  3 white imps (D:8)
  2 ufetubi (D:6)
  2 adder zombies (Ossuary)
  A worm (D:2)
  A dart slug (D:2)
  46 orcs
  12 bats
  5 endoplasms
  16 giant cockroaches
  3 gnoll zombies (Ossuary)
  20 goblins
  4 hobgoblins
  3 jackals (D:1)
  3 quokkas
  3 ball pythons
  A frilled lizard (D:3)
  4 goblin zombies (Ossuary)
  3 hobgoblin zombies (Ossuary)
  3 jackal zombies (Ossuary)
  16 kobolds
  4 kobold zombies (Ossuary)
  An orc zombie (Ossuary)
  2 quokka zombies (Ossuary)
  3 rats
  4 rat zombies (Ossuary)
348 creatures vanquished.

Vanquished Creatures (collateral kills)
  A centaur (D:12)
  6 wights
  A gnoll (D:9)
  3 orcs
11 creatures vanquished.

Vanquished Creatures (others)
  3 dancing weapons
  An orc (D:8)
4 creatures vanquished.

Grand Total: 363 creatures vanquished

Notes
Turn   | Place    | Note
-------+----------+-------------------------------------------
     0 | D:1      | grandjackal the Vampire Enchanter began the quest for the
                  | Orb.
     0 | D:1      | Reached XP level 1. HP: 13/13 MP: 3/3
   118 | D:1      | Reached XP level 2. HP: 19/19 MP: 5/5
   121 | D:1      | Learned a level 2 spell: Ensorcelled Hibernation
   241 | D:1      | Found a faded altar of an unknown god.
   341 | D:1      | Reached skill level 5 in Stealth
   403 | D:1      | Reached skill level 5 in Hexes
   481 | D:1      | Gained mutation: You are afflicted with vampirism and can
                  | become a bat while bloodless. [Vampire growth]
   481 | D:1      | Reached XP level 3. HP: 21/24 MP: 6/6
   491 | D:1      | Found Ymeujax's Book Shoppe.
   599 | D:2      | Learned a level 3 spell: Confusing Touch
   688 | D:2      | Noticed Terence
   694 | D:2      | Killed Terence
   695 | D:2      | Reached skill level 1 in Ice Magic
   821 | D:2      | Reached XP level 4. HP: 28/30 MP: 7/7
  1258 | D:3      | Noticed Robin
  1415 | D:3      | Found Rejoquakai's Magic Scroll Shop.
  1440 | D:3      | Killed Robin
  1449 | D:3      | Noticed Ijyb
  1456 | D:3      | Killed Ijyb
  1457 | D:3      | Reached XP level 5. HP: 9/35 MP: 2/8
  1526 | D:3      | Bought a scroll of teleportation for 36 gold pieces
  1526 | D:3      | Bought a scroll of fear for 48 gold pieces
  1526 | D:3      | Bought a scroll of amnesia for 48 gold pieces
  1526 | D:3      | Bought a scroll of identify for 24 gold pieces
  1782 | D:4      | Learned a level 3 spell: Tukima's Dance
  2039 | D:4      | Noticed a phantom
  2051 | D:4      | Killed a phantom
  2052 | D:4      | Reached XP level 6. HP: 20/41 MP: 5/9
  2139 | D:4      | Found a staircase to the Ecumenical Temple.
  2156 | Temple   | Entered the Ecumenical Temple
  2258 | Temple   | Became a worshipper of Dithmenos the Shadowed
  2825 | D:5      | Entered Level 5 of the Dungeon
  2895 | D:4      | Reached skill level 1 in Invocations
  3150 | D:5      | Found Ugeirphuugodgh's Book Emporium.
  3160 | D:5      | Reached XP level 7. HP: 37/46 MP: 10/10
  3188 | D:5      | Noticed Duvessa
  3191 | D:5      | Noticed Dowan
  3206 | D:5      | Killed Duvessa
  3216 | D:5      | Killed Dowan
  3303 | D:5      | Found Bigu's Jewellery Emporium.
  3343 | D:5      | Reached skill level 5 in Short Blades
  3347 | D:5      | Reached * piety under Dithmenos
  3670 | D:5      | Found Donaki Zola's Assorted Antiques.
  3726 | D:5      | Found Favapp's Assorted Antiques.
  3738 | D:5      | Bought a glowing sapphire potion for 25 gold pieces
  3895 | D:5      | Reached XP level 8. HP: 51/52 MP: 8/11
  4037 | D:5      | Found Qoapusch's Antique Armour Boutique.
  4346 | D:5      | Reached skill level 5 in Ice Magic
  4359 | D:5      | Found the +11 Singing Sword {sonic wave}
  4764 | D:6      | Found a sand-covered staircase.
  4818 | Ossuary  | Entered an ossuary
  4837 | Ossuary  | Reached ** piety under Dithmenos
  5150 | Ossuary  | Reached skill level 10 in Hexes
  5214 | Ossuary  | Reached XP level 9. HP: 55/57 MP: 12/12
  5346 | Ossuary  | Reached *** piety under Dithmenos
  5652 | D:6      | Found Vathreodu's Hydra Hut.
  5653 | D:6      | Noticed an eight-headed hydra
  5988 | D:7      | Found a shadowy altar of Dithmenos.
  6001 | D:7      | Reached skill level 5 in Invocations
  6559 | D:6      | HP: 2/57 [phantom (3)]
  6941 | D:7      | Found a transporter.
  7020 | D:7      | Noticed bmb222's ghost (novice BaHu)
  7021 | D:7      | Found a bloodstained altar of Trog.
  7025 | D:7      | Noticed a moth of wrath
  7040 | D:7      | Found a transporter.
  7086 | D:7      | Noticed a two-headed ogre
  7597 | D:8      | Reached **** piety under Dithmenos
  7720 | D:8      | Reached XP level 10. HP: 63/63 MP: 9/14
  8252 | D:8      | Found an opulent altar of Gozag.
  8257 | D:8      | Found a hide-covered altar of Uskayaw.
  8260 | D:8      | Found a snail-covered altar of Cheibriados.
  8308 | D:8      | Noticed a death yak
  8593 | D:9      | Noticed a two-headed ogre
  8597 | D:9      | Killed a two-headed ogre
  8598 | D:9      | Reached skill level 10 in Stealth
  8843 | D:9      | Noticed a centaur warrior
  8858 | D:9      | Killed a centaur warrior
  8859 | D:9      | Reached skill level 10 in Short Blades
  8859 | D:9      | Noticed a two-headed ogre
  8873 | D:9      | Killed a two-headed ogre
  9059 | D:9      | Reached XP level 11. HP: 68/68 MP: 12/17
  9223 | D:9      | Noticed a two-headed ogre
  9251 | D:9      | Killed a two-headed ogre
  9277 | D:9      | Reached ***** piety under Dithmenos
  9467 | D:9      | Found a staircase to the Orcish Mines.
 10115 | D:10     | Entered Level 10 of the Dungeon
 10115 | D:10     | Noticed a death knight
 10127 | D:10     | Killed a death knight
 10128 | D:10     | Reached skill level 1 in Fighting
 10278 | D:10     | Learned a level 3 spell: Sigil of Binding
 10579 | D:10     | Noticed a two-headed ogre
 10584 | D:10     | Killed a two-headed ogre
 11142 | D:10     | Found a runed translucent door.
 11145 | D:10     | Found a runed translucent door.
 11719 | D:11     | Reached skill level 5 in Dodging
 11760 | D:11     | Found a staircase to the Lair.
 11927 | D:11     | Identified the ring of the Tempest {rElec Will+ Str+3}
 12013 | D:11     | Reached skill level 10 in Invocations
 12205 | D:12     | Noticed a centaur warrior
 12219 | D:12     | Killed a centaur warrior
 12220 | D:12     | Reached XP level 12. HP: 42/84 MP: 7/19
 12504 | D:12     | Noticed Gastronok
 12508 | D:12     | Noticed a boulder beetle
 12676 | D:12     | Killed Gastronok
 12677 | D:12     | Reached skill level 5 in Fighting
 12740 | D:12     | Noticed a two-headed ogre
 12742 | D:12     | Noticed Jorgrun
 12743 | D:12     | Noticed Maurice
 12744 | D:12     | Noticed a centaur warrior
 12747 | D:12     | Killed a two-headed ogre
 12758 | D:12     | Slain by a centaur warrior

Illustrated notes

Levels and vault maps discovered:
D:1:      pf_arrival_petrified_forest, layout_rooms, basic_ecumenical_altar,
          serial_shops, shop
D:2:      layout_rooms, kennysheep_crisscross, uniq_terence
D:3:      layout_rooms, serial_shops, shop, uniq_robin, uniq_ijyb
D:4:      layout_loops_corners, minmay_temple_entry_wispy,
          minmay_misc_feat_columns
D:5:      old_forge, layout_layer_cave, serial_shops, nicolae_shop_statue_plus,
          nicolae_shop_dealshenge, shop, nicolae_shop_tiny_glass,
          nicolae_shop_waterfront, minmay_strange_pillars,
          chequers_serial_rivers_room_b, uniq_duvessa
D:6:      layout_cave_pools, nicolae_ossuary_entry_ruins, doesnt_shop_hydraphobe
D:7:      layout_loops_corners, gammafunk_ghost_wrathful_warriors,
          minmay_ruined_shrine
D:8:      layout_rooms, grunt_temple_overflow_diamond,
          mainiacjoe_overflow_big_doors, serial_ice, serial_ice_f, serial_ice_m,
          serial_ice_n, serial_ice_i, small_chamber_with_monster
D:9:      cheibrodos_ideogram_h, layout_long_grid, kennysheep_mini_moat,
          david_orc_2
D:10:     lemuel_insect_pit, layout_rooms, special_room [special_room_orc]
D:11:     layout_rooms, due_lair_maze_entry_diamond
D:12:     layout_cave_pools, uniq_jorgrun, uniq_gastronok, uniq_maurice
Temple:   nicolae_temple_slightly_damp_pantheon

Skill      XL: |  1  2  3  4  5  6  7  8  9 10 11 12 |
---------------+-------------------------------------+-----
Stealth        | 5 9 10 | 10.5
Hexes          | 5 6 7 8 10 11 | 11.0
Short Blades   | 2 3 4 5 6 8 10 11 | 11.4
Ice Magic      | 1 2 3 4 5 |  5.0
Invocations    | 1 2 4 6 8 10 | 10.4
Fighting       | 4 5 |  5.2
Dodging        | 5 6 |  6.7
Spellcasting   | |  2.0

Action                     |  1- 3 |  4- 6 |  7- 9 | 10-12 || total
---------------------------+-------+-------+-------+-------++-------
  Melee: Dagger            |   142 |   172 |   495 |   527 ||  1336
         Bite              |    11 |    17 |    66 |    67 ||   161
         Punch             |     2 |       |    16 |     6 ||    24
         Short sword       |       |       |       |    12 ||    12
   Cast: Ensorcelled Hiber |     1 |    14 |    44 |    85 ||   144
         Confusing Touch   |       |     3 |    14 |     7 ||    24
         Tukima's Dance    |       |       |     6 |    12 ||    18
    Use: Scroll            |       |     2 |     3 |     4 ||     9
   Stab: Sleeping          |     5 |    16 |    46 |    74 ||   141
         Confused          |       |     2 |    11 |     5 ||    18
         Distracted        |       |       |     1 |     1 ||     2
 Armour: Robe              |   100 |   107 |   263 |   187 ||   657
         Troll leather arm |       |       |       |    38 ||    38
  Dodge: Dodged            |   121 |   130 |   355 |   277 ||   883
  Block: Other             |       |       |       |    15 ||    15

Table legend: (Time is in decaauts)
 A = Elapsed time spent in this place.
 B = Non-inter-level travel time spent in this place.
 C = Inter-level travel time spent in this place.
 D = Time resting spent in this place.
 E = Time spent auto-exploring this place.
 F = Levels seen in this place.
 G = Mean time per level.
                   A        B        C        D        E       F      G
               +--------+--------+--------+--------+--------+-----+--------+
         Total |  12311 |  12056 |    255 |   2981 |   5195 |  14 |  879.4 |
       Dungeon |  11636 |  11391 |    245 |   2867 |   5039 |  12 |  969.7 |
        Temple |    112 |    102 |     10 |      0 |      0 |   1 |  112.0 |
       Ossuary |    562 |    562 |      0 |    114 |    156 |   1 |  562.0 |
               +--------+--------+--------+--------+--------+-----+--------+

Top non-repeatable levels by time:
     D:9: 1768 daAuts
     D:5: 1699 daAuts
     D:4: 1148 daAuts
    D:10: 1092 daAuts
     D:6: 1063 daAuts
     D:7: 1045 daAuts
    D:11: 767 daAuts
     D:8: 744 daAuts
     D:2: 607 daAuts
     D:1: 585 daAuts
 Ossuary: 562 daAuts
     D:3: 560 daAuts
    D:12: 552 daAuts
  Temple: 112 daAuts
